 Dungeon Sprint DCSS version 0.30-a0-4-ga7cffc901d (webtiles) character file.

Game seed: 17002984754100087381

4519 mhtbhm the Imperceptible (level 10, -27/51 HPs)
             Began as a Spriggan Brigand on Aug 20, 2022.
             Was the Champion of Dithmenos.
             Killed from afar by Dowan (32 damage)
             ... with a stone arrow
             ... in the Dungeon (Sprint III: "The Ten Rune Challenge").
             The game lasted 00:04:49 (2149 turns).

mhtbhm the Imperceptible (Spriggan Brigand)         Turns: 2149, Time: 00:04:49

Health: -27/51     AC:  4    Str:  7    XL:     10   Next: 17%
Magic:  17/18      EV: 21    Int: 14    God:    Dithmenos [******]
Gold:   1173       SH:  0    Dex: 20    Spells: 9/9 levels left

rFire   . . .      SeeInvis +    a - +2 dagger
rCold   . . .      Faith    .    (no shield)
rNeg    . . .      Spirit   .    b - +1 robe {Will+}
rPois   .          Reflect  .    (helmet restricted)
rElec   .          Harm     .    c - +0 cloak
rCorr   .          Rampage  .    (gloves unavailable)
Will    ++...      Clarity  +    (boots unavailable) Stlth *******+++ NoTele +
                                 (no amulet)
HPRegen 0.17/turn                (no ring)
MPRegen 0.16/turn                (no ring)

@: wreathed by umbra, very quick
A: very small, no large weapons, unfitting armour, see invisible, speed 3,
talons 1, clarity
a: Renounce Religion, Shadow Step, Shadow Form


You were in the Dungeon.
You worshipped Dithmenos.
Dithmenos was exalted by your worship.
You visited 1 branch You collected 1173 gold pieces.

Inventory:

Hand Weapons
 a - a +2 dagger (weapon)
Missiles
 d - 5 poisoned darts (quivered)
 e - a curare-tipped dart
Armour
 b - a +1 robe of willpower (worn)
 c - a +0 cloak (worn)
Scrolls
 m - a scroll of poison
Potions
 i - 2 potions of magic
 l - 3 potions of mutation
 o - 2 potions of flight {unknown}
Miscellaneous
 h - a tin of tremorstones (inert)


   Skills:
 + Level 5.2 Fighting
 + Level 8.2 Short Blades
 + Level 9.9 Throwing
 + Level 6.1 Dodging
 + Level 25.4 Stealth
 * Level 9.7 Invocations
 + Level 1.1 Evocations


You had 9 spell levels left.
You didn't know any spells.
Your spell library contained the following spells:

 Spells                   Type           Power      Damage    Failure   Level
 Ozocubu's Armour         Ice            0%         N/A       65%         3
 Ozocubu's Refrigeration  Ice            0%         4d7       100%        7


Dungeon Overview and Level Annotations

Branches:
Dungeon (1/1)

Altars:
Cheibriados
Dithmenos
Elyvilon
Fedhas
Gozag
Hepliaklqana
Kikubaaqudgha
Makhleb
Nemelex Xobeh
Okawaru
Qazlal
Ru
Sif Muna
Trog
Uskayaw
Vehumet
Wu Jian
Xom
Yredelemnul
Zin
The Shining One
Jiyva
Lugonu

Shops:
D [

Annotations:
D Dowan


Innate Abilities, Weirdness & Mutations

You are very small and have problems with some larger weapons.
You are too small for most types of armour.
You have supernaturally acute eyesight. (SInv)
You cover ground extremely quickly. (Speed+++)
You have sharp toenails.
You possess an exceptional clarity of mind.


Message History

* * * LOW HITPOINT WARNING * * *
Space warps around you.
* * * LOW HITPOINT WARNING * * *
You puncture Dowan! You claw Dowan, but do no damage.
Dowan is severely wounded.
Dowan barely misses you.
Throw: 3 darts (curare)
Press: ? - help, Q - select action, (/) - cycle Shift-Dir - straight line, f/p - Dowan
Aim: Dowan, wielding a +0 morningstar of distortion (black smoke, severely wounded, fast, very poisoned, slow, umbra, 60% to hit)
You throw a curare-tipped dart.
The curare-tipped dart barely misses Dowan.
Throw: 2 darts (curare)
Press: ? - help, Q - select action, (/) - cycle Shift-Dir - straight line, f/p - Dowan
Aim: Dowan, wielding a +0 morningstar of distortion (black smoke, severely wounded, fast, very poisoned, slow, umbra, 60% to hit)
You throw a curare-tipped dart. The curare-tipped dart hits Dowan.
Dowan looks as sick as possible!
Dowan convulses.
Dowan seems to be slow for longer.
Dowan is severely wounded.
Dowan misses you.
Throw: 8 darts (poison)
Press: ? - help, Q - select action, (/) - cycle Shift-Dir - straight line, f/p - Dowan
Aim: Dowan, wielding a +0 morningstar of distortion (black smoke, severely wounded, fast, extremely poisoned, slow, umbra, 60% to hit)
You throw a poisoned dart. The poisoned dart barely misses Dowan.
Dowan casts a spell.
Dowan blinks!
Throw: 7 darts (poison)
Press: ? - help, Q - select action, (/) - cycle Shift-Dir - straight line, f/p - Dowan
Aim: Dowan, wielding a +0 morningstar of distortion (black smoke, severely wounded, fast, extremely poisoned, slow, umbra, 60% to hit)
You throw a poisoned dart. The poisoned dart misses Dowan.
Unknown command.
Throw: 6 darts (poison)
Press: ? - help, Q - select action, (/) - cycle Shift-Dir - straight line, f/p - Dowan
Aim: Dowan, wielding a +0 morningstar of distortion (black smoke, severely wounded, fast, extremely poisoned, slow, umbra, 60% to hit)
You throw a poisoned dart. The poisoned dart hits Dowan.
Dowan looks as sick as possible!
Dowan is severely wounded.
Dowan gestures at you while chanting. The stone arrow hits you!!
Ouch! That really hurt!
You die...

.#.).#...#)).##.#.#.##,,,~~~~**,*
▓▓▓▓▓▓▓▓▓▓▓▓▓#.#.#.#.#,,,,,,,**,,
.......~~~...##.#.#.##,,,,,,,****
≈≈≈≈≈≈≈≈≈♣♣P.'.#.#.#.#,,,,,,,**,,
♣♣♣♣♣♣♣♣♣♣♣PP##.#.#.##***********
♣♣♣##'#####**********,,
*************#(..+,~~~~**~,~~~*,,
**~~~~~~,,*,,#((§#,~~~~*~,~*~~*,*
,*~~~~~,,,*,,#(e@#,*~~~**,**~~*,,
**+~~~~~****+#####,*,~~~***~~~*,*
,,*~~,,,,,,,,*,,,,,***~~~~~~~~***
,,*~,,+*******,,,,,*,*,~~~~~~~*,,
***,,,*,,,,,,*,,,,,*+***~~~~~~*,,
,,,,,,****,_,*,,,,,*,,,*,~~~~~**+
+****** *****+*****,,,***~~***,,
,** *,,,,,+,,,+,*,**,*,* *,*
*,*************,,+,*


You could see Dowan (fast, extremely poisoned, slow).

Vanquished Creatures
  Josephine (D)
  A centaur warrior (D)
  An orc high priest (D)
  A deep elf pyromancer (D)
  Duvessa (D)
  2 unseen horrors (D)
  2 wandering mushrooms (D)
  A shadow (D)
  An orc warrior (D)
  2 centaurs (D)
  An earth elemental (D)
  A necrophage (D)
  A water elemental (D)
  A jelly (D)
  5 orc priests (D)
  Jessica (D)
  A wizard (D)
  3 orc wizards (D)
  A necromancer (D)
  3 humans (D)
  A kobold demonologist (D)
  A phantom (D)
  8 orcs (D)
  2 endoplasms (D)
  A rat (D)
44 creatures vanquished.

Vanquished Creatures (others)
  A wandering mushroom (D)
1 creature vanquished.

Grand Total: 45 creatures vanquished

Notes
Turn   | Place    | Note
-------+----------+-------------------------------------------
     0 | D        | mhtbhm the Spriggan Brigand began the quest for the Orb.
     0 | D        | Reached XP level 1. HP: 10/10 MP: 2/2
     5 | D        | Reached skill level 6 in Stealth
    11 | D        | Noticed Jessica
    21 | D        | Killed Jessica
    22 | D        | Reached skill level 9 in Stealth
    22 | D        | Reached XP level 2. HP: 8/16 MP: 3/3
    22 | D        | Reached XP level 3. HP: 9/19 MP: 4/4
   204 | D        | Reached skill level 10 in Stealth
   309 | D        | Gained mutation: You have sharp toenails. [potion of
                  | mutation]
   309 | D        | Gained mutation: You possess an exceptional clarity of
                  | mind. [potion of mutation]
   325 | D        | Noticed a water elemental
   334 | D        | Killed a water elemental
   335 | D        | Reached skill level 12 in Stealth
   335 | D        | Reached XP level 4. HP: 23/23 MP: 5/5
   439 | D        | Found a shadowy altar of Dithmenos.
   439 | D        | Noticed a necrophage
   440 | D        | Found a basalt altar of Yredelemnul.
   440 | D        | Found a sacrificial altar of Ru.
   451 | D        | Reached skill level 13 in Stealth
   455 | D        | Killed a necrophage
   456 | D        | Reached skill level 14 in Stealth
   456 | D        | Reached XP level 5. HP: 5/28 MP: 6/6
   507 | D        | Became a worshipper of Dithmenos the Shadowed
   733 | D        | Found a radiant altar of Vehumet.
   734 | D        | Found a shimmering blue altar of Sif Muna.
   734 | D        | Found an ancient bone altar of Kikubaaqudgha.
   736 | D        | Reached skill level 15 in Stealth
   736 | D        | Reached skill level 1 in Invocations
   765 | D        | Found a glowing silver altar of Zin.
   765 | D        | Found a glowing golden altar of the Shining One.
   765 | D        | Found a white marble altar of Elyvilon.
   766 | D        | Noticed a deep elf pyromancer
   768 | D        | Killed a deep elf pyromancer
   768 | D        | Reached * piety under Dithmenos
   769 | D        | Reached skill level 5 in Short Blades
   769 | D        | Reached skill level 18 in Stealth
   769 | D        | Reached XP level 6. HP: 33/33 MP: 7/10
   769 | D        | Reached XP level 7. HP: 37/37 MP: 7/11
   806 | D        | Found a hide-covered altar of Uskayaw.
   806 | D        | Found an iron altar of Okawaru.
   807 | D        | Found a bloodstained altar of Trog.
   807 | D        | Found an ornate altar of the Wu Jian Council.
   807 | D        | Noticed a human
   807 | D        | Noticed a human
   850 | D        | Killed a human
   851 | D        | Reached skill level 19 in Stealth
   851 | D        | Reached skill level 5 in Invocations
   984 | D        | Killed a human
  1087 | D        | Noticed a shadow
  1089 | D        | Killed a shadow
  1089 | D        | Reached ** piety under Dithmenos
  1090 | D        | Reached skill level 20 in Stealth
  1090 | D        | Reached XP level 8. HP: 42/42 MP: 13/13
  1095 | D        | Found a blossoming altar of Fedhas.
  1095 | D        | Found a stormy altar of Qazlal.
  1096 | D        | Found a snail-covered altar of Cheibriados.
  1096 | D        | Found a burning altar of Makhleb.
  1096 | D        | Found a hazy altar of Hepliaklqana.
  1096 | D        | Found a shimmering altar of Xom.
  1096 | D        | Found an opulent altar of Gozag.
  1096 | D        | Found a sparkling altar of Nemelex Xobeh.
  1096 | D        | Found a corrupted altar of Lugonu.
  1096 | D        | Found a viscous altar of Jiyva.
  1255 | D        | Noticed Josephine
  1258 | D        | Killed Josephine
  1259 | D        | Reached skill level 21 in Stealth
  1268 | D        | Reached skill level 22 in Stealth
  1273 | D        | Noticed a centaur warrior
  1275 | D        | Reached *** piety under Dithmenos
  1277 | D        | Killed a centaur warrior
  1278 | D        | Reached skill level 5 in Dodging
  1278 | D        | Reached skill level 23 in Stealth
  1278 | D        | Reached XP level 9. HP: 46/46 MP: 14/16
  1290 | D        | Noticed an unseen horror
  1291 | D        | Killed an unseen horror
  1291 | D        | Reached **** piety under Dithmenos
  1294 | D        | Noticed an unseen horror
  1299 | D        | Killed an unseen horror
  1300 | D        | Reached skill level 24 in Stealth
  1305 | D        | Noticed a wandering mushroom
  1309 | D        | Noticed a wandering mushroom
  1311 | D        | Noticed a wandering mushroom
  1312 | D        | Killed a wandering mushroom
  1914 | D        | Noticed an orc high priest
  1918 | D        | Reached ***** piety under Dithmenos
  1919 | D        | Noticed an orange demon
  1919 | D        | Killed an orc high priest
  1920 | D        | Reached skill level 5 in Fighting
  1920 | D        | Reached skill level 25 in Stealth
  1920 | D        | Reached XP level 10. HP: 37/51 MP: 16/18
  1921 | D        | Reached ****** piety under Dithmenos
  1940 | D        | Found Doumap's Armour Emporium.
  2121 | D        | Noticed Dowan
  2121 | D        | Noticed Duvessa
  2123 | D        | Killed Duvessa
  2124 | D        | Reached skill level 1 in Evocations
  2133 | D        | HP: 1/51 [Dowan/shard of ice (43)]
  2149 | D        | Killed from afar by Dowan

Illustrated notes

Levels and vault maps discovered:
D:        dungeon_sprint_mu [sprint_mu_entry_forest, sprint_mu_temple_rooms,
          sprint_mu_d1_horrors, sprint_mu_d2_genie, sprint_mu_d3_branching,
          sprint_mu_orc_legion, sprint_mu_elf_gauntlet, sprint_mu_hive_nellie,
          sprint_mu_lair_fedhas, sprint_mu_vaults_butterflies,
          sprint_mu_slime_circle, sprint_mu_swamp_cave, sprint_mu_shoals_kraken,
          sprint_mu_blade_basic, sprint_mu_crypt_fortress,
          sprint_mu_tomb_spiral, sprint_mu_vestibule_basic,
          sprint_mu_gehenna_hellfire, sprint_mu_dis_giant,
          sprint_mu_tartarus_statrot, sprint_mu_cocytus_islands, sprint_mu_zot1]

Skill      XL: |  1  2  3  4  5  6  7  8  9 10 |
---------------+-------------------------------+-----
Stealth        | 9 12 14 18 20 23 25 | 25.4
Fighting       | 2 3 4 5 |  5.2
Dodging        | 2 3 4 5 6 |  6.1
Short Blades   | 3 4 5 6 7 8 |  8.2
Throwing       | 3 4 6 7 8 9 |  9.9
Invocations    | 4 5 8 9 |  9.7
Evocations     | 1 |  1.1

Action                   |  1- 3 |  4- 6 |  7- 9 | 10-12 || total
-------------------------+-------+-------+-------+-------++-------
Melee: Dagger            |    15 |    14 |    92 |    16 ||   137
       Kick              |     1 |     2 |    40 |     9 ||    52
       Punch             |       |       |     2 |       ||     2
Throw: Dart              |     8 |     2 |     9 |    14 ||    33
Invok: Shadow Step       |       |       |       |     1 ||     1
Evoke: Tin of tremorston |       |       |     2 |     2 ||     4
  Use: Potion            |     2 |     1 |     1 |     2 ||     6
       Scroll            |       |       |     5 |       ||     5
 Stab: Sleeping          |     3 |     3 |    10 |     1 ||    17
Armor: Robe              |     1 |     1 |     2 |     1 ||     5
Dodge: Dodged            |     6 |     3 |    44 |    13 ||    66

Table legend: (Time is in decaauts)
 A = Elapsed time spent in this place.
 B = Non-inter-level travel time spent in this place.
 C = Inter-level travel time spent in this place.
 D = Time resting spent in this place.
 E = Time spent auto-exploring this place.
 F = Levels seen in this place.
 G = Mean time per level.
                   A        B        C        D        E       F      G
               +--------+--------+--------+--------+--------+-----+--------+
         Total |   1916 |   1916 |      0 |   1347 |    112 |   1 | 1916.0 |
       Dungeon |   1916 |   1916 |      0 |   1347 |    112 |   1 | 1916.0 |
               +--------+--------+--------+--------+--------+-----+--------+

Top non-repeatable levels by time:
       D: 1916 daAuts
